Map: Persephone LE

Players

bones

  • Race: Terran Terran
  • Spawn Location: 11:00

A.I. 1 (Very Easy)

  • Race: Zerg Zerg
  • Spawn Location: 7:00

VOD

Have the link to the VOD?

Description

Time

  • Played on: Aug. 9, 2025, 6:17 p.m.
  • Length: 11:10
Show
View Real Time Build Order
Export as new Build Order

bones Terran 

Build Orders: Liberator Opening, Reaper Expand 

Get SALT Encoding   

  12  0:00  SCV  
  13  0:12  SCV  
  14  0:18  Supply Depot  
  14  0:25  SCV  
  15  0:39  SCV  
  16  0:43  Barracks  
  16  0:50  Refinery  
  16  0:51  SCV  
  17  1:03  SCV  
  18  1:16  SCV  
  19  1:29  Orbital Command  
  19  1:33  Reaper  
  19  1:38  Command Center  
  20  1:55  Supply Depot  
  20  2:05  Marine  
  21  2:10  Factory  
  21  2:13  SCV  
  22  2:20  Refinery  
  22  2:25  SCV  
  23  2:35  Barracks Reactor  
  23  2:37  SCV  
  24  2:49  SCV, Orbital Command  
  25  2:58  Starport  
  25  3:01  SCV  
  26  3:13  SCV  
  26  3:17  SCV  
  28  3:20  Barracks Tech Lab  
  28  3:21  Hellion x2  
  28  3:25  SCV  
  33  3:29  SCV  
  34  3:37  SCV  
  34  3:40  Marine, Stimpack  
  36  3:41  SCV  
  36  3:42  Liberator, Hellion  
  36  3:43  Hellion  
  36  3:47  Supply Depot  
  44  3:50  SCV  
  44  3:53  SCV  
  46  4:06  Refinery  
  46  4:08  Refinery  
  46  4:09  SCV x2, Hellion x2  
  52  4:12  Supply Depot  
  52  4:14  Marine  
  53  4:21  SCV  
  53  4:22  Command Center  
  54  4:28  SCV  
  54  4:33  SCV  
  55  4:39  Starport Reactor  
  55  4:40  SCV  
  56  4:45  SCV  
  56  4:50  Factory Tech Lab  
  56  4:52  SCV, Barracks  
  58  4:54  Barracks  
  58  4:56  Engineering Bay  
  58  4:58  Engineering Bay  
  58  4:59  SCV  
  59  5:04  Supply Depot, SCV  
  60  5:13  SCV  
  61  5:15  Siege Tank  
  61  5:17  SCV  
  65  5:23  Combat Shield  
  65  5:26  Starport Reactor  
  65  5:36  Supply Depot  
  65  5:40  Marine x2  
  67  5:46  Orbital Command  
  67  5:50  Siege Tank  
  67  5:55  SCV x2  
  72  5:59  Supply Depot, Marine x5  
  77  6:07  SCV x2  
  77  6:09  Medivac x2  
  83  6:12  Terran Infantry Weapons Level 1  
  83  6:13  Terran Infantry Armor Level 1  
  83  6:18  Orbital Command  
  83  6:24  SCV x2  
  85  6:27  Siege Tank  
  85  6:28  Marine x5  
  93  6:36  SCV x2  
  95  6:46  Marine x2  
  95  6:47  Marine x3  
  100  7:01  Supply Depot  
  100  7:02  Starport Reactor  
  100  7:04  Marine x5  
  100  7:07  SCV x3  
  108  7:08  Supply Depot  
  108  7:09  Supply Depot  
  108  7:17  Armory  
  108  7:19  SCV  
  108  7:22  Barracks x2  
  109  7:23  Marine x3, Siege Tank, SCV x2  
  117  7:30  Marine x2  
  117  7:31  SCV  
  117  7:33  Supply Depot  
  117  7:35  SCV x2  
  122  7:40  Marine x2  
  122  7:41  Marine  
  125  7:47  Marine x2  
  127  7:55  Command Center  
  127  7:56  Refinery, Medivac x2  
  127  7:57  Refinery  
  131  7:58  Marine x3  
  131  8:01  Siege Tank  
  137  8:05  Marine x2  
  139  8:16  Marine  
  140  8:22  Terran Infantry Weapons Level 2  
  140  8:23  Terran Infantry Armor Level 2  
  140  8:25  Terran Vehicle Weapons Level 1  
  140  8:26  Barracks Reactor  
  140  8:27  Marine x3, Reaper  
  140  8:28  Marine x2  
  140  8:34  Marine  
  146  8:40  Starport Tech Lab  
  147  8:42  Barracks  
  147  8:43  Barracks  
  147  8:44  SCV x2, Barracks  
  149  8:51  Supply Depot  
  149  8:52  Supply Depot  
  149  8:53  Terran Infantry Armor Level 2, Terran Infantry Weapons Level 2  
  149  9:03  Marine x7, SCV  
  149  9:06  Marine x2  
  149  9:07  SCV x2, Siege Tank  
  164  9:15  Terran Infantry Weapons Level 1, Supply Depot, SCV, Terran Infantry Armor Level 1, Terran Vehicle Weapons Level 1  
  165  9:19  SCV x2  
  165  9:21  Marine x6  
  173  9:29  Stimpack  
  174  9:31  SCV  
  174  9:38  Marine x5  
  175  9:39  Marine x6  
  175  9:40  Barracks Reactor  
  175  9:42  Barracks Reactor  
  185  9:46  Siege Tank  
  185  9:50  Combat Shield  
  188  9:56  Marine x3  
  188  9:59  Supply Depot  
  191  10:01  Sensor Tower  
  191  10:04  Marine x3, Marauder  
  196  10:20  Marine x2  
  196  10:21  Medivac  
  200  10:57  SCV x12  
  200  11:09  Unknown x3  
Show
View Real Time Build Order
Export as new Build Order

A.I. 1 (Very Easy) Zerg 

Build Orders: Pool First 

Get SALT Encoding   

  12  0:01  Drone  
  13  0:12  Overlord  
  13  0:16  Drone  
  14  0:35  Spawning Pool  
  13  0:36  Extractor  
  13  0:39  Drone  
  13  0:46  Drone  
  14  0:51  Overlord  
  14  1:21  Queen  
  14  1:23  Zergling x2  
  17  1:33  Roach Warren  
  17  1:34  Drone  
  17  1:40  Extractor  
  17  1:43  Drone  
  17  1:50  Zergling x2  
  18  2:02  Drone  
  19  2:10  Drone  
  20  2:17  Zergling x2, Drone  
  22  2:28  Overlord  
  22  2:31  Drone  
  23  2:38  Drone  
  24  2:44  Roach  
  24  2:46  Drone  
  27  4:30  Zergling x2  
  26  5:07  Drone  
  22  5:14  Drone  
  22  5:20  Zergling x2  
  23  5:22  Drone  
  23  5:23  Queen  
  23  5:29  Drone  
  18  5:36  Drone  
  15  5:43  Drone  
  15  5:47  Zergling x2  
  14  5:50  Drone  
  13  5:58  Drone  
  13  6:05  Drone  
  13  6:08  Queen  
  13  6:12  Drone  
  13  6:15  Zergling x2  
  13  6:19  Drone  
  13  6:26  Drone  
  13  6:34  Drone  
  13  6:41  Drone  
  13  6:42  Roach  
  15  6:48  Drone  
  15  6:51  Queen  
  14  6:55  Drone  
  14  7:02  Drone  
  14  7:09  Zergling x2, Drone  
  15  7:17  Drone  
  12  7:24  Drone, Hatchery  
  12  7:27  Lair  
  11  7:31  Drone  
  9  7:38  Drone  
  9  7:46  Drone  
  8  7:53  Zergling x2  
  8  7:56  Drone  
  8  8:07  Drone  
  8  8:18  Drone  
  8  8:24  Queen  
  8  8:26  Overseer  
  9  8:27  Overseer  
  9  8:28  Drone  
  9  8:36  Drone  
  9  8:40  Spire  
  9  8:43  Drone  
  9  8:50  Drone  
  10  8:57  Drone  
  10  9:04  Drone  
  10  9:11  Drone  
  4  9:34  Drone x2  
    10:51  Overlord  
    10:57  Drone x12  
    11:09  Unknown  
Tags
 
Add a new tag
Caveats
  • Supply blocks, unpowered buildings, or Contaminate may cause inaccurate times.
  • Supply counts are checked every 10 seconds.